 Dungeon Crawl Stone Soup version 0.27.1 (webtiles) character file.

Game seed: 15102263306147547481

46 r3algoood the Skirmisher (level 3, -3/33 HPs)
             Began as a Hill Orc Fighter on Aug 31, 2021.
             Slain by a goblin (18 damage)
             ... on level 2 of the Dungeon.
             The game lasted 00:02:46 (2236 turns).

r3algoood the Skirmisher (Hill Orc Fighter)         Turns: 2236, Time: 00:02:46

Health: -3/33      AC:  7    Str: 19    XL:     3   Next: 66%
Magic:  3/3        EV:  7    Int:  8    God:
Gold:   81         SH:  9    Dex: 10    Spells: 2/2 levels left

rFire    . . .     SeeInvis .   a - +0 war axe
rCold    . . .     Faith    .   c - +0 kite shield
rNeg     . . .     Spirit   .   b - +0 scale mail
rPois    .         Reflect  .   (no helmet)
rElec    .         Harm     .   (no cloak)
rCorr    .         Rampage  .   (no gloves)
Will     .....                  (no boots)
Stlth    ..........             (no amulet)
HPRegen  0.11/turn              (no ring)
MPRegen  0.08/turn              (no ring)

@: no status effects
A: no striking features
a: no special abilities


You were on level 2 of the Dungeon.
You visited 1 branch of the dungeon, and saw 2 of its levels.

You collected 81 gold pieces.

Inventory:

Hand Weapons
 a - a +0 war axe (weapon)
Missiles
 e - 68 stones (quivered)
Armour
 b - a +0 scale mail (worn)
 c - a +0 kite shield (worn)
Scrolls
 g - 2 scrolls of amnesia {unknown}
 i - 2 scrolls of enchant armour {unknown}
 j - a scroll of magic mapping {unknown}
 k - a scroll of fear {unknown}
 l - a scroll of identify {unknown}
Potions
 d - a potion of might
 f - a potion of curing {unknown}
 h - a potion of attraction {unknown}


   Skills:
 + Level 4.1 Fighting
 + Level 3.1 Axes
 + Level 4.1 Armour
 + Level 0.1 Dodging
 + Level 0.1 Stealth
 + Level 3.6 Shields


You had 2 spell levels left.
You didn't know any spells.
Your spell library was empty.

Dungeon Overview and Level Annotations

Branches:
Dungeon (2/15)

Altars:


Message History

You barely miss the rat. The rat bites you but does no damage.
You slash the rat!
You kill the rat!
There is a stone staircase leading up here.
Found 6 gold pieces.
You now have 81 gold pieces (gained 6).
An endoplasm comes into view.
The endoplasm quivers.
You block the endoplasm's attack.
You hit the endoplasm but do no damage.
The endoplasm hits you but does no damage.
You hit the endoplasm but do no damage. The endoplasm freezes you.
You are frozen.
The endoplasm closely misses you.
You hit the endoplasm.
The endoplasm is heavily wounded.
You block the endoplasm's attack.
You barely miss the endoplasm.
The endoplasm is heavily wounded.
The endoplasm barely misses you.
The endoplasm hits you but does no damage.
You hit the endoplasm.
You kill the endoplasm!
Found 18 gold pieces.
You open the door.
Found a helmet.
There is an open door here.
There is an open door here.
A goblin comes into view.
It is wielding a +0 dagger of electrocution.
The goblin shouts!
You block the goblin's attack.
Found a runed cloak.
The goblin hits you but does no damage.
The goblin hits you with a +0 dagger of electrocution.
The goblin hits you but does no damage.
You are electrocuted!
The goblin barely misses you.
You closely miss the goblin.
The goblin hits you with a +0 dagger of electrocution.
You are electrocuted!!
Ouch! That really hurt!
You die...

# # ######... # ........#
##### ........# ....#
........###### ###.#
.............# ....#
[............# ##..#
.............# .#..#
........@....# ##..#
.....$..g....#
....###########......#
##...................+
###############......#######.#
#....................'........
#.#############......#######[#
#.# #######.... ..# ....#..


You could see a goblin.

Vanquished Creatures
  2 adders (D:2)
  3 worms (D:2)
  4 endoplasms
  2 giant cockroaches
  A hobgoblin (D:2)
  2 kobolds
  A quokka (D:1)
  A bat (D:1)
  A frilled lizard (D:2)
  A goblin (D:2)
  2 rats (D:2)
20 creatures vanquished.

Notes
Turn   | Place    | Note
-------+----------+-------------------------------------------
     0 | D:1      | r3algoood the Hill Orc Fighter began the quest for the Orb.
     0 | D:1      | Reached XP level 1. HP: 19/19 MP: 1/1
   157 | D:1      | Found a faded altar of an unknown god.
   377 | D:1      | Reached XP level 2. HP: 27/27 MP: 2/2
  1173 | D:2      | Reached XP level 3. HP: 15/33 MP: 3/3
  2236 | D:2      | Slain by a goblin

Illustrated notes

Levels and vault maps discovered:
D:1:      dpeg_arrival_rooms_b, layout_rooms, ebering_ecumenical_altar_mist
D:2:      layout_basic

Skill      XL: |  1  2  3 |
---------------+----------+-----
Fighting       | 4 |  4.1
Axes           | 3 |  3.1
Armour         | 4 |  4.1
Dodging        | |  0.1
Stealth        | |  0.1
Shields        | |  3.6

Action                   || total
-------------------------++-------
Melee: War axe           ||    91
Armor: Scale mail        ||    47
Dodge: Dodged            ||    35
Block: Kite shield       ||    50
